 Dungeon Crawl Stone Soup version 0.30-b1-2-g02819fbbbe (webtiles) character file.

Game seed: 2971740801773081465

219 sanka the Vexing (level 5, 0/38 HPs)
             Began as a Demigod Enchanter on May 17, 2023.
             Slain by a rat (1 damage)
             ... in a sewer.
             The game lasted 00:07:02 (2536 turns).

sanka the Vexing (Demigod Enchanter)                Turns: 2536, Time: 00:07:02

Health: 0/38       AC:  0    Str:  9    XL:     5   Next: 36%
Magic:  9/12       EV: 12    Int: 21    God:
Gold:   148        SH:  0    Dex: 14    Spells: 3/9 levels left

rFire   . . .        u - +0 morningstar
rCold   . . .        (no shield)
rNeg    . . .        b - +0 robe
rPois   .            (no helmet)
rElec   .            e - +0 cloak
rCorr   .            s - +0 pair of gloves
SInv    .            (no boots)
Will    .....        (no amulet)
Stlth   ++           f - ring of wizardry
HPRegen 0.26/turn    (no ring)
MPRegen 0.13/turn

%: wizardry (x1)
@: corroded
A: high MP 1, forlorn, divine attributes
a: no special abilities


You were in a sewer.
You visited 1 branch of the dungeon, and saw 3 of its levels.
You also visited: Sewer.

You collected 148 gold pieces.

Inventory:

Hand Weapons
 a - a +1 dagger
 r - a +0 quarterstaff
 u - a +0 morningstar (weapon)
Armour
 b - a +0 robe (worn)
 e - a +0 cloak (worn)
 s - a +0 pair of gloves (worn)
Jewellery
 f - a ring of wizardry (left hand)
Scrolls
 d - a scroll of immolation {!r}
 l - a scroll of teleportation {unknown}
 m - a scroll of brand weapon {unknown}
 n - a scroll of noise {unknown}
 q - 2 scrolls of vulnerability {!r}
 t - a scroll of summoning {unknown}
Potions
 c - 3 potions of invisibility
 g - 2 potions of heal wounds {unknown}
 h - 2 potions of attraction {unknown}
 i - a potion of brilliance {unknown}
 j - 3 potions of curing {unknown}
 k - a potion of degeneration {unknown}
 o - a potion of mutation {unknown}
 p - a potion of might {unknown}
 v - a potion of magic {unknown}


   Skills:
 - Level 0.8 Short Blades
 - Level 1.7 Dodging
 - Level 2.6 Stealth
 + Level 2.9 Spellcasting
 + Level 2.1 Conjurations
 - Level 4.0 Hexes
 + Level 2.1 Fire Magic


You had 3 spell levels left.
You knew the following spells:

 Your Spells              Type           Power      Damage    Failure   Level
a - Confusing Touch       Hex            19%        N/A       3%          3
b - Tukima's Dance        Hex            19%        N/A       3%          3

Your spell library contained the following spells:

 Spells                   Type           Power      Damage    Failure   Level
 Ensorcelled Hibernation  Hex/Ice        22%        N/A       3%          2
 Dazzling Flash           Conj/Hex       30%        N/A       4%          3
 Inner Flame              Hex/Fire       15%        N/A       4%          3
 Flame Wave               Conj/Fire      11%        2d6       22%         4
 Sticky Flame             Conj/Fire      11%        2d3       22%         4


Dungeon Overview and Level Annotations

Branches:
Dungeon (3/15)              Sewer (1/1)

Shops:
D:2 :


Innate Abilities, Weirdness & Mutations

You have an increased reservoir of magic. (+10% MP)
You shall have no god before yourself.
Your divine heritage dramatically boosts your attributes as you level up.


Message History

You closely miss the giant cockroach.
The giant cockroach is moderately wounded.
The giant cockroach bites you but does no damage.
The giant cockroach splashes around in the water.
You thump the giant cockroach!
You kill the giant cockroach!
No target in view!
No target in view!
No target in view!
v - a lumpy amethyst potion
There is a viscous altar of Jiyva here.
c - 3 potions of invisibility (gained 1)
You enter the shallow water.
Moving in this stuff is going to be slow.
A jelly comes into view.
Found a bubbling purple potion.
A rat comes into view.
Found a scroll labelled CEXZAMM USTAHU.
You closely miss the rat.
The rat splashes around in the water.
The rat closely misses you.
You hit the rat but do no damage. The rat misses you.
Casting: Confusing Touch (dangerous; 3% risk of failure)
Confirm with . or Enter, or press ? or * to list all spells.
Your hands begin to glow red.
The rat bites you but does no damage. The jelly closely misses you.
You hit the jelly but do no damage.
The jelly appears confused.
Your hands burn!
The rat closely misses you. The rat bites you. The jelly closely misses you.
You strike the helpless jelly from behind!
You sock the jelly!
Your hands burn!
You punch the jelly.
The jelly is almost dead.
The jelly hits you.
You are splashed with acid!
The rat barely misses you. The rat bites you but does no damage.
The jelly hits you.
You are splashed with acid!
* * * LOW HITPOINT WARNING * * *
You hit the jelly. The acid corrodes you!
Your hands burn!
* * * LOW HITPOINT WARNING * * *
The jelly is almost dead.
The rat bites you.
You die...

####.~~~~~~.##~~~
##..~~~.###~.~~...
####..~~.~##
##...~~#
###.~~.~##.~#
##.~..#
#....~.###.~#
~~~~~~# #_..~..#
#~~~##.~....~.
#...~.~#
##∩.~~~.~.~#.~
#####.J##
##..~.#..~##.
#.@.## #####~~## #
#~.r~#### ~.~
###..~..#
##.~.~~.~.
###~~.~.# #.!?##
####


You could see a jelly (confused) and a rat.

Vanquished Creatures
  2 jellies (Sewer)
  An orc wizard (D:3)
  2 gnolls (D:3)
  6 adders
  2 worms
  A dart slug (D:1)
  3 orcs (D:3)
  7 endoplasms
  3 giant cockroaches
  5 goblins
  5 hobgoblins
  8 ball pythons
  4 bats
  5 frilled lizards
  2 kobolds
  5 rats
61 creatures vanquished.

Notes
Turn   | Place    | Note
-------+----------+-------------------------------------------
     0 | D:1      | sanka the Demigod Enchanter began the quest for the Orb.
     0 | D:1      | Reached XP level 1. HP: 14/14 MP: 5/5
   238 | D:1      | Reached skill level 3 in Hexes
   364 | D:1      | Reached XP level 2. HP: 10/20 MP: 7/7
  1032 | D:1      | Reached XP level 3. HP: 15/26 MP: 8/8
  1078 | D:1      | Learned a level 3 spell: Confusing Touch
  1082 | D:1      | Learned a level 3 spell: Tukima's Dance
  1112 | D:2      | Found Kydeej Juta's Book Shoppe.
  1180 | D:2      | Reached skill level 4 in Hexes
  1522 | D:3      | Noticed a black bear
  1934 | D:3      | Reached XP level 4. HP: 33/33 MP: 8/10
  2029 | D:3      | Reached skill level 1 in Conjurations
  2029 | D:3      | Reached skill level 1 in Fire Magic
  2134 | D:3      | Found a glowing drain.
  2148 | Sewer    | Entered a sewer
  2433 | Sewer    | Reached XP level 5. HP: 32/38 MP: 9/12
  2536 | Sewer    | HP: 1/38 [acid (5)]
  2536 | Sewer    | Slain by a rat

Illustrated notes

Levels and vault maps discovered:
D:1:      arrival_zaba_pyramid, layout_basic
D:2:      layout_rooms, serial_shops, nicolae_shop_stone,
          minmay_misc_feat_alley, feat_on_display
D:3:      layout_basic, portal_sewer_entry_b
Sewer:    sewer_hellmonk_slimy_pipes

Skill      XL: |  1  2  3  4  5 |
---------------+----------------+-----
Spellcasting   | 2 |  2.9
Hexes          | 3 4 |  4.0
Conjurations   | 1 2 |  2.1
Fire Magic     | 1 2 |  2.1
Short Blades   | |  0.8
Dodging        | |  1.7
Stealth        | |  2.6

Action                     |  1- 3 |  4- 6 || total
---------------------------+-------+-------++-------
  Melee: Dagger            |   125 |       ||   125
         Punch             |     2 |     2 ||     4
         Quarterstaff      |    21 |    14 ||    35
         Morningstar       |       |    84 ||    84
   Cast: Confusing Touch   |     6 |     8 ||    14
    Use: Scroll            |       |     2 ||     2
   Stab: Sleeping          |     8 |       ||     8
         Confused          |     3 |     2 ||     5
 Armour: Robe              |    26 |    41 ||    67
  Dodge: Dodged            |    94 |    94 ||   188
